 Dungeon Crawl Stone Soup version 0.20.0-15-g7f486f2 (webtiles) character file.

64719 4thArraOfDagon the Tainter (level 14, -41/110 HPs)
             Began as a Mummy Venom Mage on June 12, 2017.
             Was the Champion of Yredelemnul.
             Killed from afar by a deep elf mage (45 damage)
             ... with a bolt of fire
             ... on level 3 of the Elven Halls.
             The game lasted 01:36:48 (20106 turns).

4thArraOfDagon the Tainter (Mummy Venom Mage)      Turns: 20106, Time: 01:36:49

Health: -41/110    AC: 16    Str: 18    XL:     14   Next: 72%
Magic:  3/26       EV: 12    Int: 20    God:    Yredelemnul [******]
Gold:   444        SH:  0    Dex: 12    Spells: 11/29 levels left

rFire    x . .     SeeInvis .   Q - +9 long sword (vamp)
rCold    + . .     Gourm    .   (no shield)
rNeg     + + +     Faith    .   w - +2 ring mail "Qaosu" {rN+ MR++ Str+4}
rPois    ∞         Spirit   .   i - +0 helmet
rElec    .         Reflect  .   (no cloak)
rCorr    .         Harm     .   I - +1 pair of gloves
MR       +++..                  o - +2 pair of boots
Stlth    ++........             v - amulet of magic regeneration
Regen    0.3/turn               L - ring of stealth
MPRegen  0.3/turn               Z - +3 ring of strength

@: radiating poison, very slightly contaminated
A: no food or potions, fire vulnerability, cold resistance 1, negative energy
resistance 3, torment resistance, unbreathing, in touch with death 1
a: Recall Undead Slaves, Injury Mirror, Animate Dead, Drain Life, Enslave Soul,
Renounce Religion


You were on level 3 of the Elven Halls.
You worshipped Yredelemnul.
Yredelemnul was exalted by your worship.
You were not hungry.

You visited 5 branches of the dungeon, and saw 26 of its levels.
You also visited: Bailey.

You collected 2070 gold pieces.
You spent 1626 gold pieces at shops.

Inventory:

Hand Weapons
 H - a +1 hand axe of flaming
 Q - a +9 vampiric long sword (weapon)
 Y - a +2 great sword of holy wrath
Missiles
 x - 4 curare-tipped needles
 D - 2 needles of confusion
Armour
 c - the +5 plate armour of Soatzue {Stlth+}
   (You found it on level 6 of the Lair of Beasts)

   It makes you more stealthy.
 i - a +0 helmet (worn)
 o - a +2 pair of boots (worn)
 w - the +2 ring mail "Qaosu" (worn) {rN+ MR++ Str+4}
   (You bought it in a shop on level 2 of the Elven Halls)

   It affects your strength (+4).
   It protects you from negative energy.
   It affects your resistance to hostile enchantments.
 y - a +0 ring mail
 B - a +3 chain mail
 I - a +1 pair of gloves (worn)
 V - a +0 buckler of resistance
 X - a +1 shield of protection
Magical Staves
 N - an uncursed staff of cold
Jewellery
 j - an uncursed ring of protection from magic {unknown}
 v - an amulet of magic regeneration (around neck)
 E - an uncursed amulet of regeneration
 L - a ring of stealth (left hand)
 W - the cursed necklace of Bloodlust {*Rage +Rage MR++ Int-3 Slay+6 *Curse}
   (You found it on level 6 of the Lair of Beasts)

   [amulet of rage]

   It affects your intelligence (-3).
   It affects your accuracy and damage with ranged weapons and melee attacks
   (+6).
   It affects your resistance to hostile enchantments.
   It lets you go berserk.
   It may make you go berserk in combat.
   It curses itself when equipped.
   It has a curse placed upon it.
 Z - a +3 ring of strength (right hand)
Wands
 a - a wand of paralysis (4/24)
 f - a wand of iceblast (3/15)
 h - a wand of paralysis (2/24)
 k - a wand of lightning (5/15)
 l - a wand of random effects (23/48)
 m - a wand of disintegration (7/24)
 p - a wand of digging (5/24)
 q - a wand of paralysis (19/24)
 r - a wand of digging (6/24)
 t - a wand of confusion (22/48)
 C - a wand of lightning (8/15)
 G - a wand of confusion (16/48)
 J - a wand of iceblast (4/15)
 O - a wand of acid (6/15)
 P - a wand of paralysis (5/24)
 S - a wand of disintegration (12/24)
 T - a wand of scattershot (4/9)
 U - a wand of iceblast (6/15)
Scrolls
 e - 5 scrolls of immolation
 g - 9 scrolls of remove curse
 n - 4 scrolls of teleportation
 s - 5 scrolls of recharging
 u - 3 scrolls of blinking
 z - 3 scrolls of amnesia
 A - 3 scrolls of enchant armour
 K - a scroll of silence
 R - 3 scrolls of fog
Books
 b - a Young Poisoner's Handbook

   Spells                             Type                      Level
   a - Sting                          Conjuration/Poison           1
   b - Poisonous Vapours              Poison/Air                   2
   c - Mephitic Cloud                 Conjuration/Poison/Air       3
   d - Olgreb's Toxic Radiance        Poison                       4
   e - Venom Bolt                     Conjuration/Poison           5
 d - a book of Clouds

   Spells                             Type                      Level
   a - Poisonous Vapours              Poison/Air                   2
   b - Mephitic Cloud                 Conjuration/Poison/Air       3
   c - Conjure Flame                  Conjuration/Fire             3
   d - Freezing Cloud                 Conjuration/Ice/Air          6
   e - Ring of Flames                 Charms/Fire                  7
 F - a book of Burglary

   Spells                             Type                      Level
   a - Swiftness                      Charms/Air                   2
   b - Passwall                       Transmutation/Earth          2
   c - Passage of Golubria            Translocation                4
   d - Lee's Rapid Deconstruction     Earth                        5
   e - Darkness                       Hexes                        6
   f - Invisibility                   Hexes                        6
 M - a book of Misfortune

   Spells                             Type                      Level
   a - Confusing Touch                Hexes                        1
   b - Confuse                        Hexes                        3
   c - Gell's Gravitas                Translocation                3
   d - Petrify                        Transmutation/Earth          4
   e - Metabolic Englaciation         Hexes/Ice                    5
   f - Yara's Violent Unravelling     Hexes/Transmutation          5


   Skills:
 - Level 10.2 Fighting
 * Level 8.5 Long Blades
 - Level 9.2 Armour
 - Level 4.0 Dodging
 - Level 1.5 Stealth
 * Level 8.2 Spellcasting
 - Level 1.2 Conjurations
 - Level 10.8 Poison Magic
 - Level 10.4 Invocations
 - Level 5.4 Evocations


You had 11 spell levels left.
You knew the following spells:

 Your Spells              Type           Power        Failure   Level  Hunger
a - Sting                 Conj/Pois      ####         1%          1    N/A
b - Poisonous Vapours     Pois/Air       ####..       2%          2    N/A
c - Mephitic Cloud        Conj/Pois/Air  ###.....     8%          3    N/A
d - Olgreb's Toxic Radia  Pois           ######..     1%          4    N/A
e - Swiftness             Chrm/Air       #.......     21%         2    N/A
f - Passage of Golubria   Tloc           N/A          80%         4    N/A
g - Passwall              Tmut/Erth      #.........   21%         2    N/A

Dungeon Overview and Level Annotations

Branches:
Dungeon (14/15)            Temple (1/1) D:6            Lair (6/6) D:9
 Spider (0/4) Lair:3        Slime (0/5) Lair:6          Orc (2/2) D:10
    Elf (3/3) Orc:2
  Swamp: Lair:2-4    Shoals: Lair:2-4    Vaults: D:13-14

Altars:
Ashenzari
Cheibriados
Dithmenos
Elyvilon
Fedhas
Gozag
Hepliaklqana
Kikubaaqudgha
Makhleb
Nemelex Xobeh
Okawaru
Qazlal
Ru
Sif Muna
Trog
Uskayaw
Vehumet
Xom
Yredelemnul
Zin
The Shining One
Beogh

Shops:
D:5 *   Orc:2 (!::}   Elf:2 [

Annotations:
D:5 mike2R's ghost, novice MiWr
D:11 Snorg
Lair:2 exclusion: 2 oklob plants
Elf:3 Louise


Innate Abilities, Weirdness & Mutations

You do not eat or drink.
Your flesh is vulnerable to fire.
You are immune to poison.
Your flesh is cold resistant. (rC+)
You are immune to negative energy. (rN+++)
You are immune to unholy pain and torment.
You can survive without breathing.
You are in touch with the powers of death.


Message History

* * * LOW HITPOINT WARNING * * *
Unknown command.
Unknown command.
Casting: Olgreb's Toxic Radiance
Confirm with . or Enter, or press ? or * to list all spells.
Your toxic radiance grows in intensity.
The deep elf mage looks as sick as possible!
The fire elemental hits you. The fire elemental burns you!
The fire burns you terribly!
* * * LOW HITPOINT WARNING * * *
Unknown command.
Blink to where?
Press: ? - help, Dir - move target cursor You are very lightly contaminated with residual magic.
As you read the scroll of blinking, it crumbles to dust.
The fire elemental disappears in a puff of smoke!
The deep elf mage points at you and mumbles some strange words.
The bolt of fire hits you! The fire burns you terribly!
You die...
Yredelemnul claims you as an undead slave.

*,****
#........# *,*
#.......## *,*
##.....## *,*
## ##<..## *,*
#.# ##.## *,*
#)# #'# *,*
#(## #.# *,*
#######(#####.#
*,*
#.).§§e@)##...#
*,*
#######.#.#.###
*,* #.###).#
*,* #.## ##.#
,,* #.# *##'##*
,** #.#
*#.....#* ,*
#.# *#.......#*
,* #.#
##.........#*
,* ##
#.....e.....#*


You could see a deep elf mage.

Vanquished Creatures
  Nessos (Lair:6)
  Josephine (D:10)
  2 hydras
  4 two-headed ogres
  6 death yaks
  2 deep elf knights
  Nergalle (Lair:4)
  A skeletal warrior (D:13)
  An orc knight (Orc:1)
  5 deep elf magi
  An ugly thing (D:12)
  3 deep elf archers
  4 orc sorcerers
  A manticore (D:13)
  2 elephants (Lair:6)
  A torpor snail (Lair:6)
  4 spiny frogs
  2 komodo dragons
  A troll (Orc:1)
  4 tyrant leeches
  2 polar bears
  2 dream sheep (D:8)
  9 blink frogs
  4 hippogriffs
  A wraith (D:9)
  27 yaks
  Eustachio (D:6)
  2 basilisks
  A hungry ghost (D:12)
  A vampire mosquito (Lair:6)
  Menkaure (D:5)
  A warg (Orc:1)
  3 porcupines (D:9)
  8 water moccasins
  A hornet zombie (D:12)
  20 orc warriors
  3 sky beasts
  3 black bears
  2 ice beasts
  2 necrophages
  A phantom (D:12)
  8 ogres
  A blink frog zombie (Lair:6)
  9 wolves
  4 centaurs
  4 big kobolds
  Blork the orc (D:5)
  13 bullfrogs
  11 scorpions
  18 killer bees
  3 wights
  2 electric eels
  A howler monkey (D:10)
  3 crimson imps
  2 quasits
  5 hounds
  13 orc priests
  A centaur skeleton (D:4)
  2 bullfrog skeletons
  2 jellies
  A gnoll shaman (D:9)
  An iguana (D:6)
  Jessica (D:2)
  Natasha (thrice) (D:2)
  15 worker ants
  38 orc wizards
  A hound zombie (D:4)
  2 mummies
  13 gnolls
  10 adders
  A hound simulacrum (D:10)
  A shadow imp (D:12)
  A white imp (D:10)
  An ooze (D:2)
  2 adder zombies
  2 worms
  3 leopard geckos
  116 orcs
  3 bats
  5 giant cockroaches
  8 goblins
  10 hobgoblins
  5 jackals
  11 kobolds
  4 quokkas
  3 ball pythons
  A ball python skeleton (D:4)
  5 frilled lizards
  A hobgoblin zombie (D:4)
  A jackal zombie (D:8)
  2 kobold zombies (D:4)
  An orc zombie (D:4)
  9 rats
  A butterfly (D:6)
  2 plants (Lair:6)
529 creatures vanquished.

Vanquished Creatures (collateral kills)
  The ghost of zigma the Grappler, a journeyman DrTm of the Shining One (D:13)
  3 hydras
  A two-headed ogre (D:9)
  5 dancing weapons (Elf:2)
  3 centaur warriors
  2 ogre magi (Orc:2)
  2 death yaks
  Urug (Lair:5)
  3 deep elf knights
  2 deep elf archers (Elf:2)
  5 orc sorcerers (Orc:2)
  An oklob plant (Lair:6)
  11 deep elf magi
  A cyclops (D:13)
  4 black mambas
  An elephant (Lair:6)
  25 spiny frogs
  A torpor snail (Lair:5)
  A gargoyle (D:13)
  2 centaur skeletons
  2 komodo dragons (Lair:2)
  3 rime drakes
  An efreet (D:13)
  A jumping spider (Lair:3)
  A tyrant leech (Lair:6)
  7 slime creatures
  4 blink frogs (Lair:6)
  5 hippogriffs
  18 yaks
  A shadow (D:12)
  A vampire (D:12)
  5 wraiths
  3 wyverns
  A fire elemental (Elf:2)
  5 vampire mosquitoes (Lair:6)
  A basilisk (Lair:3)
  A hungry ghost (D:13)
  8 water moccasins
  6 porcupines
  5 ice beasts
  8 orc warriors
  An eye of draining (D:12)
  A necrophage (D:9)
  3 ogres
  A wolf (Lair:5)
  2 centaurs
  5 crocodiles
  19 bullfrogs
  An earth elemental (Elf:1)
  A killer bee (D:9)
  2 wights (D:8)
  An electric eel (D:10)
  A crimson imp (D:8)
  A quasit (D:9)
  2 bullfrog skeletons
  2 orc priests
  2 hounds
  3 jellies
  14 orc wizards
  3 iguanas
  2 worker ants
  An adder (D:12)
  2 shadow imps
  2 white imps (D:10)
  An ufetubus (D:10)
  14 orcs
  11 fungi
  11 plants (Lair:6)
271 creatures vanquished.

Vanquished Creatures (others)
  3 skeletal warriors
  A flayed ghost (Lair:6)
  A phantasmal warrior (Elf:2)
  A hydra zombie (Lair:6)
  A water elemental (Elf:1)
  13 flying skulls
  A black mamba zombie (Lair:6)
  3 vampires
  A wraith (Lair:6)
  A two-headed ogre zombie (D:10)
  8 spiny frog zombies
  2 elephant zombies (Lair:6)
  A manticore zombie (D:13)
  2 blink frog zombies (Lair:6)
  6 elf zombies
  A human (D:5)
  2 vampire mosquito zombies (Lair:6)
  2 hippogriff zombies
  6 water moccasin zombies
  6 yak zombies
  A polar bear zombie (D:10)
  3 wights
  4 wolf zombies
  8 bullfrog zombies
  A black bear zombie (D:10)
  A porcupine zombie (D:9)
  5 killer bee zombies
  A crocodile zombie (Lair:5)
  2 ogre zombies (Orc:2)
  An ogre skeleton (D:10)
  2 hound zombies (D:11)
  A scorpion zombie (D:10)
  An adder zombie (D:10)
  2 electric eel zombies
  3 gnoll zombies (D:9)
  26 orc zombies
  43 fungi
  63 plants
230 creatures vanquished.

Grand Total: 1030 creatures vanquished

Notes
Turn   | Place    | Note
-------+----------+-------------------------------------------
     0 | D:1      | 4thArraOfDagon the Mummy Venom Mage began the quest for the Orb.
     0 | D:1      | Reached XP level 1. HP: 13/13 MP: 4/4
    59 | D:1      | Reached skill level 1 in Conjurations
   157 | D:3      | Reached XP level 2. HP: 16/19 MP: 3/5
   202 | D:2      | Noticed Natasha
   216 | D:2      | Learned a level 2 spell: Poisonous Vapours
   235 | D:2      | Killed Natasha
   235 | D:2      | Reached XP level 3. HP: 19/24 MP: 0/7
   251 | D:2      | Learned a level 3 spell: Mephitic Cloud
   279 | D:2      | Noticed Natasha
   350 | D:2      | Killed Natasha
   408 | D:2      | Reached XP level 4. HP: 19/30 MP: 8/8
   552 | D:2      | Found a hazy altar of Hepliaklqana.
  1019 | D:4      | Reached XP level 5. HP: 29/35 MP: 9/9
  1039 | D:4      | Reached skill level 5 in Poison Magic
  1175 | D:4      | Reached XP level 6. HP: 39/41 MP: 6/10
  1205 | D:4      | Learned a level 4 spell: Olgreb's Toxic Radiance
  1252 | D:5      | Entered Level 5 of the Dungeon
  1347 | D:5      | Found a sparkling altar of Nemelex Xobeh.
  1781 | D:5      | Noticed mike2R's ghost (novice MiWr)
  1889 | D:4      | You fall through a shaft for 3 floors!
  1924 | D:7      | Noticed a hippogriff
  1946 | D:7      | Killed a hippogriff
  1946 | D:7      | Reached XP level 7. HP: 32/46 MP: 4/11
  2106 | D:7      | Found a flagged portal.
  2109 | D:7      | Found a sparkling altar of Nemelex Xobeh.
  2136 | D:7      | Reached skill level 1 in Evocations
  2147 | Bailey   | Entered a bailey
  2420 | Bailey   | Reached XP level 8. HP: 36/52 MP: 7/12
  2540 | Bailey   | Noticed an orc knight
  2818 | D:7      | Found a radiant altar of Vehumet.
  2885 | D:6      | Reached XP level 9. HP: 47/57 MP: 11/13
  2900 | D:6      | Found a staircase to the Ecumenical Temple.
  2909 | Temple   | Entered the Ecumenical Temple
  2987 | Temple   | HMM
  3018 | Temple   | Became a worshipper of Yredelemnul the Dark
  3062 | D:6      | Noticed Eustachio
  3086 | D:6      | Killed Eustachio
  3086 | D:6      | Reached skill level 1 in Fighting
  3086 | D:6      | Reached skill level 1 in Invocations
  3290 | D:5      | Found an ancient bone altar of Kikubaaqudgha.
  3392 | D:5      | Noticed Menkaure
  3399 | D:5      | Killed Menkaure
  3399 | D:5      | Reached skill level 1 in Armour
  3497 | D:5      | Found Jariluov's Assorted Antiques.
  3528 | D:5      | Bought a scroll labeled OMO ZEYFITEQI for 21 gold pieces
  3528 | D:5      | Bought a scroll labeled OMO ZEYFITEQI for 21 gold pieces
  3613 | D:5      | Noticed Blork the orc
  3626 | D:5      | Killed Blork the orc
  3811 | D:4      | Reached * piety under Yredelemnul
  4067 | D:4      | Found a bloodstained altar of Trog.
  4615 | D:2      | Noticed Jessica
  4632 | D:2      | Killed Jessica
  4646 | D:2      | Found a blossoming altar of Fedhas.
  4861 | D:1      | Found a shimmering altar of Xom.
  5049 | D:2      | Noticed Natasha
  5055 | D:2      | Killed Natasha
  5055 | D:2      | Reached ** piety under Yredelemnul
  5445 | D:2      | Found an opulent altar of Gozag.
  5960 | D:7      | Found a sacrificial altar of Ru.
  5978 | D:7      | Found a shattered altar of Ashenzari.
  6081 | D:7      | Found a snail-covered altar of Cheibriados.
  6170 | D:7      | timbw: hi
  6286 | D:8      | 4thArraOfDagon: hiii
  6340 | D:8      | timbw: yred mummy
  6346 | D:8      | Reached XP level 10. HP: 71/71 MP: 2/16
  6416 | D:8      | Noticed a two-headed hydra
  6417 | D:8      | timbw: im not suprised youre using the best possible weapon at least xD
  6418 | D:8      | Killed a one-headed hydra
  6418 | D:8      | Reached skill level 5 in Spellcasting
  6520 | D:8      | 4thArraOfDagon: :)
  6520 | D:8      | 4thArraOfDagon: timwb didnt see you at all in tourney
  6576 | D:8      | Noticed a two-headed ogre
  6580 | D:8      | timbw: I watched yermak and that other new smurf a bit
  6584 | D:8      | Killed a two-headed ogre
  6584 | D:8      | Reached *** piety under Yredelemnul
  6584 | D:8      | Reached skill level 5 in Fighting
  6585 | D:8      | timbw: but not much
  6593 | D:8      | timbw: I dont think ill ever play this shit again
  6598 | D:8      | timbw: xd
  6635 | D:8      | Found a burning altar of Makhleb.
  6806 | D:8      | Found a sacrificial altar of Ru.
  7013 | D:9      | Reached skill level 10 in Poison Magic
  7094 | D:9      | Received a gift from Yredelemnul (a wight)
  7160 | D:9      | Found a staircase to the Lair.
  7325 | D:9      | Reached XP level 11. HP: 80/81 MP: 5/18
  7495 | D:9      | Reached **** piety under Yredelemnul
  7655 | D:10     | Entered Level 10 of the Dungeon
  7670 | D:10     | Reached skill level 5 in Invocations
  7739 | D:10     | Noticed a two-headed ogre
  7750 | D:10     | Killed a two-headed ogre
  7778 | D:10     | Noticed Josephine
  7800 | D:10     | Found a shimmering altar of Xom.
  8075 | D:10     | Noticed a two-headed ogre
  8084 | D:9      | Killed a two-headed ogre
  8164 | D:10     | Reached skill level 5 in Armour
  8165 | D:10     | Reached ***** piety under Yredelemnul
  8515 | D:11     | Noticed Snorg
  8647 | D:10     | timbw: this skin youre playing with
  8725 | D:9      | timbw: what is it xD
  8732 | D:10     | timbw: looks like a bow wielding felid in statueform
  8738 | D:10     | Noticed a two-headed ogre
  8743 | D:10     | Found a staircase to the Orcish Mines.
  8752 | D:10     | Killed a two-headed ogre
  8773 | D:10     | 4thArraOfDagon: this is umm
  8773 | D:10     | Gravenous: pretty sure it's supposed to be a salt-ram type thing
  8773 | D:10     | Gravenous: the horns are where the mace currently is
  8773 | D:10     | Gravenous: or at least that's how i see it
  8773 | D:10     | 4thArraOfDagon: Peacekeeper
  8852 | D:10     | 4thArraOfDagon: %?? peacekeeper
  8852 | D:10     | beem: peacekeeper (8)
                  | Spd:
    15 | HD: 12   | HP: 34-53
                  | AC/EV: 20/3
                  | Dam: 25, 15
                  | non-living, see invisible, unbreathing
                  | Res: magic(immune), fire, cold, elec, poison+++, drown, rot+++, neg+++, torm
                  | XP: 967
                  | Sp: throw barbs (2d13) [!AM, !sil],
  8852 | D:10     | beem: ..battlecry [!AM]
                  | Sz: Medium
                  | Int: brainless.
  9168 | D:11     | Received a gift from Yredelemnul (a mummy)
  9230 | D:11     | Noticed a two-headed ogre
  9241 | D:11     | Killed a two-headed ogre
  9314 | D:12     | Found a blossoming altar of Fedhas.
  9498 | D:12     | Noticed a cyan ugly thing
  9537 | D:12     | Killed a cyan ugly thing
  9689 | D:12     | Noticed a centaur warrior
  9911 | D:12     | Received a gift from Yredelemnul (3 flying skulls)
  9915 | D:12     | Killed a centaur warrior
  9915 | D:12     | Reached XP level 12. HP: 67/92 MP: 4/19
 10084 | D:12     | Noticed a seven-headed hydra
 10088 | D:12     | Killed a seven-headed hydra
 10573 | D:13     | Noticed a five-headed hydra
 10578 | D:13     | Killed a six-headed hydra
 10583 | D:13     | Received a gift from Yredelemnul (a wight)
 10809 | D:13     | Noticed zigma's ghost (journeyman DrTm)
 10822 | D:13     | Killed zigma's ghost
 11001 | D:13     | Noticed a centaur warrior
 11007 | D:13     | Received a gift from Yredelemnul (3 flying skulls)
 11017 | D:13     | Killed a centaur warrior
 11341 | D:13     | Learned a level 2 spell: Swiftness
 11405 | D:13     | Noticed a centaur warrior
 11419 | D:13     | Killed a centaur warrior
 11655 | Orc:1    | Entered Level 1 of the Orcish Mines
 12223 | Orc:2    | Entered Level 2 of the Orcish Mines
 12319 | Orc:2    | Found Yptuyzyg's Gadget Shoppe.
 12624 | Orc:2    | Received a gift from Yredelemnul (4 flying skulls)
 12776 | Orc:2    | Found a staircase to the Elven Halls.
 12813 | Orc:2    | Reached ****** piety under Yredelemnul
 12971 | Orc:2    | Reached skill level 10 in Fighting
 13003 | Orc:2    | Found Cerepucw's Antique Weapon Shop.
 13022 | Orc:2    | Noticed an ogre mage
 13035 | Orc:2    | Killed an ogre mage
 13075 | Orc:2    | Found an ancient bone altar of Kikubaaqudgha.
 13097 | Orc:2    | Gained mutation: You are in touch with the powers of death. [Mummy growth]
 13097 | Orc:2    | Reached XP level 13. HP: 94/103 MP: 1/20
 13098 | Orc:2    | Received a gift from Yredelemnul (a wight)
 13168 | Orc:2    | Found Zebbuhog's Distillery.
 13179 | Orc:2    | Found a radiant altar of Vehumet.
 13201 | Orc:2    | Found a roughly hewn altar of Beogh.
 13201 | Orc:2    | Found Loulaj's Book Shop.
 13204 | Orc:2    | Found Fihi Xiz's Book Boutique.
 13290 | Orc:2    | Bought a runed great sword for 304 gold pieces
 13290 | Orc:2    | Bought a dazzling hand crossbow for 272 gold pieces
 13290 | Orc:2    | Identified the +3 hand crossbow of the Curious Ghosts {velocity, rN+ Dex+2 SInv} (You bought it in a shop on level 2 of the Orcish Mines)
 13467 | Lair:1   | Entered Level 1 of the Lair of Beasts
 13480 | Lair:1   | Reached skill level 1 in Long Blades
 13677 | Lair:1   | Received a gift from Yredelemnul (3 flying skulls)
 14004 | Lair:2   | Received a gift from Yredelemnul (a skeletal warrior)
 14657 | Lair:3   | Found a hole to the Spider Nest.
 15070 | Lair:4   | Noticed Nergalle
 15091 | Lair:4   | Killed Nergalle
 15328 | Lair:5   | Found a sparkling altar of Nemelex Xobeh.
 15396 | Lair:5   | Learned a level 4 spell: Passage of Golubria
 15399 | Lair:5   | Learned a level 2 spell: Passwall
 15531 | Lair:5   | Received a gift from Yredelemnul (a skeletal warrior)
 15605 | Lair:6   | Entered Level 6 of the Lair of Beasts
 15657 | Lair:6   | Noticed Nessos
 15665 | Lair:6   | Reached skill level 5 in Evocations
 15735 | Lair:6   | Killed Nessos
 15892 | Lair:5   | Noticed Urug
 15916 | Lair:5   | Killed Urug
 15979 | Lair:5   | ldierk: !subscribe
 15979 | Lair:5   | beem: Subscribed. I will now watch all games of user ldierk
 16345 | Lair:5   | Received a gift from Yredelemnul (a flayed ghost)
 16511 | Lair:5   | Reached skill level 5 in Long Blades
 17278 | Lair:6   | Received a gift from Yredelemnul (a wraith)
 17333 | Lair:6   | Reached XP level 14. HP: 66/110 MP: 17/21
 17467 | Lair:6   | Reached skill level 10 in Invocations
 17717 | Lair:6   | Received a gift from Yredelemnul (a vampire)
 17886 | Lair:6   | Received a gift from Yredelemnul (a phantasmal warrior)
 17934 | Lair:6   | Found a staircase to the Slime Pits.
 18046 | Lair:6   | Got a pitted plate armour
 18086 | Lair:6   | Received a gift from Yredelemnul (a vampire)
 18161 | Lair:6   | Identified the +5 plate armour of Soatzue {Stlth+} (You found it on level 6 of the Lair of Beasts)
 18378 | D:9      | 4thArraOfDagon: no itens
 18443 | D:10     | Killed Josephine
 18512 | Orc:2    | Bought a wand of digging (3/24) for 210 gold pieces
 18562 | Elf:1    | Entered Level 1 of the Elven Halls
 18830 | Elf:2    | Received a gift from Yredelemnul (a skeletal warrior)
 19050 | Elf:2    | Found Rosa's Armour Boutique.
 19128 | Elf:3    | Entered Level 3 of the Elven Halls
 19143 | Elf:2    | Bought the +2 ring mail "Qaosu" {rN+ MR++ Str+4} for 798 gold pieces
 19981 | Elf:3    | Noticed Louise
 20003 | Elf:3    | Received a gift from Yredelemnul (a vampire)
 20105 | Elf:3    | HP: 3/110 [fire elemental[a deep elf mage] (10)]
 20106 | Elf:3    | Killed from afar by a deep elf mage

Skill      XL: |  1  2  3  4  5  6  7  8  9 10 11 12 13 14 |
---------------+-------------------------------------------+-----
Conjurations   | 1 |  1.2
Poison Magic   | 3 4 5 6 7 9 10 | 10.8
Evocations     | 2 3 5 |  5.4
Fighting       | 4 5 8 10 | 10.2
Invocations    | 3 4 6 8 9 10 | 10.4
Armour         | 2 4 6 8 9 |  9.2
Dodging        | 3 4 |  4.0
Spellcasting   | 4 5 8 |  8.2
Long Blades    | 5 8 |  8.5
Stealth        | |  1.5

Action                   |  1- 3 |  4- 6 |  7- 9 | 10-12 | 13-15 || total
-------------------------+-------+-------+-------+-------+-------++-------
Melee: Short sword       |    35 |    23 |       |       |       ||    58
       Flail             |       |    47 |   283 |   389 |     7 ||   726
       Hand axe          |       |       |       |     2 |       ||     2
       Long sword        |       |       |       |       |   403 ||   403
 Cast: Sting             |    16 |     6 |     1 |       |       ||    23
       Poisonous Vapours |     2 |     8 |    19 |     5 |       ||    34
       Mephitic Cloud    |       |     6 |    13 |    16 |     1 ||    36
       Olgreb's Toxic Ra |       |       |    33 |   122 |   109 ||   264
       Swiftness         |       |       |       |     1 |       ||     1
Invok: Animate Dead      |       |       |       |    33 |    56 ||    89
       Recall Undead Sla |       |       |       |     5 |    18 ||    23
       Drain Life        |       |       |       |       |     6 ||     6
Evoke: Wand              |       |     6 |    11 |     8 |    12 ||    37
  Use: Scroll            |       |     6 |     9 |     2 |    32 ||    49
 Stab: Sleeping          |     1 |     1 |     2 |     3 |       ||     7
       Confused          |       |     6 |     4 |     1 |     1 ||    12
       Paralysed         |       |     2 |    14 |    11 |    12 ||    39
       Distracted        |       |       |       |     4 |     8 ||    12
Armor: Robe              |     6 |    12 |    42 |       |       ||    60
       Ring mail         |       |       |    58 |   239 |   215 ||   512
       Chain mail        |       |       |       |       |    30 ||    30
Dodge: Dodged            |    36 |    46 |   181 |   300 |   301 ||   864
       Rpst.: Long sword |       |       |       |       |    85 ||    85
